[Event "*** Monthly 3|2 Blitz Masters"]
[Site "Chess.com"]
[Date "2014.11.25"]
[Round "9"]
[White "162a54f5d"]
[Black "GMBenjaminBok"]
[Result "0-1"]
[WhiteElo "2340"]
[BlackElo "2585"]
[TimeControl "180+2"]
[EndTime "12:58:10 PST"]
[Termination "GMBenjaminBok won by resignation"]

1. d4 Nf6 2. c4 g6 3. Nc3 d5 4. Nf3 Bg7 5. Qa4+ Bd7 6. Qb3 dxc4 7.
Qxc4 O-O 8. Bf4 c6 9. e4 b5 10.
Qb3 c5 11. dxc5 Na6 12. Rd1 Nxc5 13. Qb4 Ne6 14. Be5 a5 15. Qb3 b4 16. Nd5 Nxe4 17.
Bxg7 Kxg7 18. Qe3 Nd6 19. Nxe7 Qxe7 20. Qe5+ Qf6 21. Rxd6 Rae8 22. Qxf6+ Kxf6 23. Be2 Bc8 24. O-O Kg7 25. Bb5 Re7 26. Rc1 Nf4 27. Kf1 Bb7 28.
Ne1 Rb8 29. Bd3 Rbe8 30. f3 Re6 31. Rd7 Nxd3 32. Nxd3 Bc6 33. Rd4 Bb5 34. Rc2 Re1+ 35. Kf2 Rd1 36. Rd5 Bxd3 37. Rc7 Re2+ 38. Kg3 Rdd2 39.
Rdd7 Rxg2+ 40. Kf4 g5+ 41. Ke3 Rge2+ 0-1

[Event "*** Monthly 3|2 Blitz Masters"]
[Site "Chess.com"]
[Date "2014.11.25"]
[Round "9"]
[White "MoreChessJulia"]
[Black "RitvarsReimanis"]
[Result "0-1"]
[WhiteElo "1882"]
[BlackElo "2241"]
[TimeControl "180+2"]
[EndTime "12:59:14 PST"]
[Termination "RitvarsReimanis won by resignation"]

1. d4 Nf6 2. c4 e6 3. Nc3 Bb4 4. e3 O-O 5. Ne2 Re8 6. g3 e5 7. d5 c6 8. Bg2 cxd5 9. cxd5 d6 10. a3 Bxc3+ 11. Nxc3 Bg4 12. f3 Bd7 13. e4 a5 14. Qe2 Na6 15. Be3 Rc8 16. O-O Nc5 17.
h4 Nb3 18. Rad1 a4 19. Kh2 Qa5 20. Qf2 Bb5 21. Rfe1 Qa6 22. Bh3 Rc4 23. Nxb5 Qxb5 24. Rd3 Rc7 25. Red1 h6 26. Bb6 Rc1 27. Rxc1 Nxc1 28.
Rc3 Nd3 29. Bf1 Nxf2 30. Bxb5 Ra8 31. Be2 N2xe4 32. fxe4 Nxe4 33. Rc7 g6 34. h5 Kg7 35.
hxg6 Kxg6 36. Rxb7 f5 37. Rd7 Rb8 38. Bf3 Rxb6 39. Bxe4 fxe4 40. Kg1 Kg5 41. Rg7+ Kf5 42. Kf1 e3 43. Ke2 Rxb2+ 44. Kxe3 Rb3+ 45. Kf2 Rxa3 46. Rd7 Ke4 47. Rxd6 Ra2+ 48. Kf1 a3 49. Rxh6 Kxd5 50.
Ra6 Ke4 51. Kg1 Kf3 52. Rf6+ Kxg3 53. Rg6+ Kf3 54. Rf6+ Ke3 0-1

[Event "*** Monthly 3|2 Blitz Masters"]
[Site "Chess.com"]
[Date "2014.11.25"]
[Round "9"]
[White "Zhani-Z"]
[Black "rhungaski"]
[Result "1-0"]
[WhiteElo "2041"]
[BlackElo "2406"]
[TimeControl "180+2"]
[EndTime "12:59:20 PST"]
[Termination "Zhani-Z won by resignation"]

1. e4 d6 2. d4 Nf6 3. Nc3 e5 4. Nf3 Nbd7 5. Bc4 Be7 6. O-O O-O 7. Re1 c6 8. a4 a5 9. h3 exd4 10.
Nxd4 Nc5 11. Bf1 Be6 12. b3 Qb6 13. Bb2 Rad8 14. Qf3 Nfd7 15. Rad1 Ne5 16. Qg3 Bc8 17. f4 Ng6 18. Qf2 Bf6 19. g3 Rfe8 20. Bg2 Na6 21.
Rd2 Nb4 22. Red1 Qc5 23. Nb1 Qh5 24. Kh2 Bg4 25. Rf1 Bc8 26. Na3 d5 27. e5 Be7 28.
Re1 Bc5 29. c3 Na6 30. Nac2 Ne7 31. Ne3 f6 32. exf6 gxf6 33. Rde2 Ng6 34. Nxd5 cxd5 35. Rxe8+ Rxe8 36. Rxe8+ Kf7 37. Rxc8 Qd1 38. Bxd5+ Ke7 39. Qe2+ Qxe2+ 40. Nxe2 Kd7 41. Bxb7 Nc7 42. Rxc7+ Kxc7 43.
Be4 Nf8 44. Kg2 h6 45. Kf3 Nd7 46. c4 Be7 47. Bf5 Nc5 48. Bc2 Ne6 49. Nd4 Nc5 50. Nf5 Bf8 51. Bxf6 Na6 52. h4 Nb4 53. Bb1 Nc6 54.
g4 Kd7 55. g5 hxg5 56. fxg5 Bc5 57. Bc3 Ke6 58. g6 Bb4 59. Bb2 Ne5+ 60. Bxe5 Kxe5 61.
g7 1-0

[Event "*** Monthly 3|2 Blitz Masters"]
[Site "Chess.com"]
[Date "2014.11.25"]
[Round "9"]
[White "oggy1984"]
[Black "Philofive"]
[Result "0-1"]
[WhiteElo "2191"]
[BlackElo "2209"]
[TimeControl "180+2"]
[EndTime "12:59:48 PST"]
[Termination "Philofive won by resignation"]

1. e4 e6 2. d4 d5 3. Nc3 Bb4 4. e5 Ne7 5. Qg4 Nf5 6. Nf3 Nc6 7. a3 h5 8. Qf4 Be7 9. Ne2 h4 10. c3 b6 11. g4 hxg3 12. Nxg3 Nxg3 13. Qxg3 g6 14. h4 Na5 15. h5 Rxh5 16. Rxh5 gxh5 17. Qg8+ Kd7 18. Qxf7 Nb3 19. Ng5 Kc6 20. Nxe6 Qd7 21. Bh3 Nxa1 22. b4 Nb3 23. b5+ Kxb5 24. a4+ Ka5 25.
Bd2 Nxd2 26. Kxd2 Ba6 27. f4 Rh8 28. Qg7 Re8 29. Qg6 Qxa4 30. Qc2 Qxc2+ 31. Kxc2 c5 32. f5 cxd4 33. cxd4 Bc8 34. Nc7 Rf8 35. e6 Bb7 36. Kd3 Bd6 37. e7 Bxe7 38. Ne6 Rf7 39. Nf4 Bd6 40.
Ng6 Bc8 41. Ne5 Rxf5 42. Nc6+ Ka6 43. Nb8+ Bxb8 44. Ke3 Kb7 45. Bg2 a5 46. Kd3 Kc6 47. Kc3 Rg5 48. Bh1 Rg3+ 49. Kb2 Ba6 50. Ka2 Bc4+ 51.
Kb2 b5 52. Kc2 b4 53. Kb2 Rh3 54. Bg2 Rh2 55. Ka1 Rxg2 56. Kb1 h4 57. Kc1 h3 58. Kb1 Re2 59. Kc1 h2 0-1

[Event "*** Monthly 3|2 Blitz Masters"]
[Site "Chess.com"]
[Date "2014.11.25"]
[Round "9"]
[White "grandmastergauri"]
[Black "AlmirDzhumaev"]
[Result "1-0"]
[WhiteElo "2339"]
[BlackElo "2265"]
[TimeControl "180+2"]
[EndTime "12:59:50 PST"]
[Termination "grandmastergauri won by resignation"]

1. e4 e5 2. Nf3 Nc6 3. Bc4 Nf6 4. d3 Bc5 5. O-O d6 6. Re1 O-O 7. c3 Bg4 8. Nbd2 h6 9. h3 Bh5 10. Nf1 Bg6 11. Ng3 Nh5 12. Kh2 Bxf2 13. Nxh5 Bxe1 14.
Nxg7 Bxc3 15. Bxh6 Bxb2 16. Rb1 Kh7 17. Qd2 Bc3 18. Qe3 Bd4 19. Qd2 Qf6 20. Rf1 Kg8 21. Nxd4 Qxf1 22. Ndf5 Kh7 23. Be3 Rg8 24. Bf2 Bxf5 25.
d4 Qxc4 26. Nxf5 Rg6 27. Qd1 Re8 28. Qh5+ Kg8 29. Nh6+ Kf8 30. Nf5 Ne7 31. Qh8+ Ng8 32. Be3 Ree6 33. Bh6+ Ke8 34. Ng7+ Rxg7 35. Bxg7 Kd7 36.
Qxg8 Rg6 37. d5 c6 38. Qxf7+ Kc8 39. Qxg6 cxd5 40. exd5 Kc7 41. Qf7+ Kb6 42. Bf8 Kc5 43. Qc7+ Kxd5 44. Qxc4+ Kxc4 45. Bxd6 e4 46. Bf4 Kd3 47. h4 e3 48. h5 e2 49. Bg3 b5 50. h6 Kd2 51. h7 e1=Q 52. Bxe1+ Kxe1 53. h8=Q a6 54. Qb2 Kd1 55. g4 b4 56. g5 a5 57. g6 a4 58. g7 a3 59. Qb3+ Kc1 60. Qxb4 Kc2 61. Qb3+ Kc1 62. Qxa3+ Kb1 63. g8=Q Kc2 64. Kg3 1-0

[Event "*** Monthly 3|2 Blitz Masters"]
[Site "Chess.com"]
[Date "2014.11.25"]
[Round "9"]
[White "Yaacovn"]
[Black "GedoGluperd"]
[Result "1-0"]
[WhiteElo "2604"]
[BlackElo "2339"]
[TimeControl "180+2"]
[EndTime "13:00:03 PST"]
[Termination "Yaacovn won on time"]

1. d4 Nf6 2. Nf3 g6 3. c4 Bg7 4.
Nc3 O-O 5. g3 d6 6. Bg2 c6 7.
O-O Qa5 8. Bg5 h6 9. Bxf6 Bxf6 10. e3 Bg7 11. a3 Qh5 12. Nh4 Bg4 13. Bf3 Bxf3 14.
Qxf3 Qa5 15. b4 Qc7 16. Rfc1 Nd7 17. Ng2 e6 18. h4 Nb6 19. c5 Nd7 20. cxd6 Qxd6 21.
Ne4 Qd5 22. Nf4 Qb5 23. Nd6 Qb6 24. h5 g5 25. Nd3 Qc7 26. Ne4 f5 27. Nec5 Rae8 28.
Nxd7 Qxd7 29. Nc5 Qf7 30. b5 g4 31. Qg2 b6 32. Na6 cxb5 33. Nc7 Rc8 34. Nxb5 Qxh5 35.
Nxa7 Rxc1+ 36. Rxc1 Qf7 37. Nc6 Qc7 38. Qf1 Qd6 39.
a4 h5 40. Qb5 h4 41. gxh4 Rf6 42. Qxb6 Kh7 43. a5 g3 44. Ne5 gxf2+ 45. Kxf2 Qa3 46.
Rc7 Qa2+ 47. Ke1 f4 48. Rxg7+ Kxg7 49. Qc7+ Kg8 50. Qd8+ Rf8 51. Qg5+ Kh7 52. Qg6+ Kh8 53. Qh6+ Kg8 54. Qg6+ Kh8 55. Nf7+ Rxf7 56. Qxf7 fxe3 57. Qh5+ Kg8 58. Qg5+ Kf7 59. Qf4+ Ke7 60. Qxe3 Qxa5+ 61. Kf2 Qa2+ 62. Kg3 Qb1 63. h5 Qh1 64. Qg5+ Kd6 65. Qd8+ Kc6 66. Qa8+ 1-0